 Dungeon Crawl Stone Soup version 0.18-b1-16-g289874d (webtiles) character file.

29 Chiseanne the Magician (level 3, 24/24 HPs)
             Began as a Demonspawn Wizard on May 1, 2016.
             Quit the game on level 1 of the Dungeon.
             The game lasted 00:02:25 (986 turns).

Chiseanne the Magician (Demonspawn Wizard)           Turns: 986, Time: 00:02:26

Health: 24/24      AC:  3    Str:  7    XL:     3   Next: 1%
Magic:  8/8        EV: 12    Int: 20    God:
Gold:   24         SH:  0    Dex: 11    Spells: 3 memorised, 4 levels left

rFire  . . .     SeeInvis .     s - +1 dagger (elec)
rCold  . . .     Gourm    .     j - +0 robe
rNeg   . . .     Faith    .     (no shield)
rPois  .         Spirit   .     b - +0 hat
rElec  .         Dismiss  .     f - +0 cloak
rCorr  .         Reflect  .     (no gloves)
SustAt .         Harm     .     (no boots)
MR     .....                    (no amulet)
Stlth  +.........               (no ring)
                                (no ring)

@: repel missiles, not resistant to hostile enchantments, very unstealthy
A: hooves 1, powered by death 1
a: no special abilities


You were on level 1 of the Dungeon.
You were not hungry.

You visited 1 branch of the dungeon, and saw 2 of its levels.

You collected 24 gold pieces.

Inventory:

Hand Weapons
 a - a +2 spear of freezing
 s - a +1 dagger of electrocution (weapon)
Missiles
 i - 19 sling bullets
 m - 6 tomahawks (quivered)
Armour
 b - a +0 hat (worn)
 f - a +0 cloak (worn)
 j - a +0 robe (worn)
Scrolls
 h - 2 scrolls of identify {unknown}
Potions
 e - 2 potions of curing {unknown}
 g - a potion of degeneration {unknown}
 k - 2 potions of agility {unknown}
 n - a potion of cure mutation {unknown}
Books
 c - a book of Minor Magic

   Spells                             Type                      Level
   a - Magic Dart                     Conjuration                  1
   b - Blink                          Translocation                2
   c - Call Imp                       Summoning                    2
   d - Repel Missiles                 Charms/Air                   2
   e - Slow                           Hexes                        2
   f - Conjure Flame                  Conjuration/Fire             3
   g - Mephitic Cloud                 Conjuration/Poison/Air       3
Comestibles
 d - a bread ration
 l - 2 meat rations
 o - a slice of pizza
 p - a chunk of flesh


   Skills:
 - Level 1.7 Dodging
 - Level 1.7 Stealth
 * Level 3.5 Spellcasting
 * Level 2.1 Conjurations
   Level 1.0 Summonings
 - Level 0.8 Translocations


You had 4 spell levels left.
You knew the following spells:

 Your Spells              Type           Power        Failure   Level  Hunger
a - Magic Dart            Conj           ##..         6%          1    None
b - Blink                 Tloc           N/A          17%         2    ##.....
c - Repel Missiles        Chrm/Air       #.....       24%         2    ##.....


Dungeon Overview and Level Annotations

Branches:
Dungeon (2/15)

Altars:


Innate Abilities, Weirdness & Mutations

You have large cloven feet.
You regenerate a little health from kills.


Message History

Press: ? - help, Shift-Dir - straight line, f/p - hobgoblin
Aim: a hobgoblin (severely wounded)
The magic dart hits the hobgoblin.
The hobgoblin is almost dead.
The hobgoblin misses you.
Casting: Magic Dart
Confirm with . or Enter, or press ? or * to list all spells.
Aiming: Magic Dart
Press: ? - help, Shift-Dir - straight line, f/p - hobgoblin
Aim: a hobgoblin (almost dead)
The magic dart hits the hobgoblin.
You kill the hobgoblin!
You have reached level 3!
Your experience leads to an increase in your attributes!
Increase (S)trength, (I)ntelligence, or (D)exterity?
You feel clever.
Your demonic ancestry asserts itself...
Your feet thicken and deform.
You feel less regenerative.
Some of the chunks of flesh in your inventory have rotted away.
Are you sure you want to abandon this character and quit the game? (Confirm with "yes".)

#.....#.#.####
#...>.'.......
##.....#.#.....
#.........######.
#......#.........
...####.....#####
###.####.......#####
#.....†.....)'...#
#######@###....##.##
.............####.#
#######.####.# #.#
#.# ##.####.#####+
#.# #.............
#.# #.............
#.# #.........)...
#.# #..).........)
#'# #....).......)


There were no monsters in sight!

Vanquished Creatures
  A gnoll (D:1)
  2 dart slugs (D:1)
  A goblin (D:1)
  3 hobgoblins
  5 kobolds (D:1)
  4 rats (D:1)
16 creatures vanquished.

Notes
Turn   | Place    | Note
--------------------------------------------------------------
     0 | D:1      | Chiseanne the Demonspawn Wizard began the quest for the Orb.
     0 | D:1      | Reached XP level 1. HP: 13/13 MP: 4/4
     6 | D:1      | Noticed a swamp drake
     6 | D:1      | Noticed a polar bear
   313 | D:1      | Gained mutation: You regenerate a little health from kills. [demonic ancestry]
   313 | D:1      | Reached XP level 2. HP: 2/19 MP: 0/6
   584 | D:1      | Learned a level 2 spell: Blink
   653 | D:1      | Learned a level 2 spell: Repel Missiles
   925 | D:1      | Gained mutation: You have large cloven feet. [demonic ancestry]
   925 | D:1      | Reached XP level 3. HP: 24/24 MP: 1/8
   986 | D:1      | Quit the game

Skill      XL: |  1  2 |
---------------+-------+-----
Conjurations   | 2 |  2.1
Dodging        | |  1.7
Stealth        | |  1.7
Spellcasting   | |  3.5
Summonings     | |  1.0
Translocations | |  0.8

Action                   || total
-------------------------++-------
Melee: Spear             ||    15
       Unarmed           ||     3
       Dagger            ||     4
 Cast: Magic Dart        ||    39
       Repel Missiles    ||     1
Armor: Robe              ||     1
Dodge: Dodged            ||    13
